 Dungeon Crawl Stone Soup version 0.29.1-1-gd02db6906a (webtiles) character file.

Game seed: 18400171845123055880

8 LustLizard the Trooper (level 2, 24/24 HPs)
             Began as a Demonspawn Fighter on Oct 5, 2022.
             Quit the game on level 1 of the Dungeon.
             The game lasted 00:00:51 (485 turns).

LustLizard the Trooper (Demonspawn Fighter)          Turns: 485, Time: 00:00:52

Health: 24/24      AC:  6    Str: 16    XL:     2   Next: 0%
Magic:  2/2        EV:  9    Int:  9    God:
Gold:   4          SH:  4    Dex: 12    Spells: 1/1 levels left

rFire   . . .      SeeInvis .   a - +0 long sword
rCold   . . .      Faith    .   c - +0 buckler
rNeg    . . .      Spirit   .   b - +0 scale mail
rPois   .          Reflect  .   (no helmet)
rElec   .          Harm     .   (no cloak)
rCorr   .          Rampage  .   (no gloves)
Will    .....                   (no boots)
Stlth   ..........              (no amulet)
HPRegen 0.08/turn               (no ring)
MPRegen 0.16/turn               (no ring)

@: no status effects
A: magic regeneration
a: no special abilities


You were on level 1 of the Dungeon.
You visited 1 branch of the dungeon, and saw 1 of its levels.

You collected 4 gold pieces.

Inventory:

Hand Weapons
 a - a +0 long sword (weapon)
Armour
 b - a +0 scale mail (worn)
 c - a +0 buckler (worn)
Scrolls
 e - a scroll of enchant weapon {unknown}
Potions
 d - a potion of might


   Skills:
 + Level 3.1 Fighting
 * Level 2.1 Long Blades
 - Level 2.6 Armour
 + Level 0.4 Dodging
 - Level 2.6 Shields


You had one spell level left.
You didn't know any spells.
Your spell library contained the following spells:

 Spells                   Type           Power      Damage    Failure   Level
 Dispersal                Tloc           0%         N/A       100%        6
 Disjunction              Tloc           0%         N/A       100%        8


Dungeon Overview and Level Annotations

Branches:
Dungeon (1/15)

Altars:


Innate Abilities, Weirdness & Mutations

You regenerate magic rapidly.


Message History

A giant cockroach comes into view.
You barely miss the giant cockroach.
The giant cockroach bites you but does no damage.
You barely miss the giant cockroach. The giant cockroach bites you.
You block the giant cockroach's attack.
You hit the giant cockroach.
The giant cockroach is heavily wounded.
The giant cockroach bites you but does no damage.
The giant cockroach barely misses you.
You barely miss the giant cockroach.
The giant cockroach is heavily wounded.
The giant cockroach bites you but does no damage.
You closely miss the giant cockroach.
The giant cockroach is heavily wounded.
The giant cockroach barely misses you.
The giant cockroach bites you but does no damage.
You closely miss the giant cockroach.
The giant cockroach is heavily wounded.
The giant cockroach bites you but does no damage.
You barely miss the giant cockroach.
The giant cockroach is heavily wounded.
The giant cockroach barely misses you.
The giant cockroach completely misses you.
You slash the giant cockroach!
You kill the giant cockroach!
A bat comes into view.
A bat is nearby!
The bat barely misses you.
You barely miss the bat. The bat barely misses you. You block the bat's attack.
You hit the bat but do no damage. The bat closely misses you.
You block the bat's attack. The bat hits you but does no damage.
The bat hits you but does no damage.
You barely miss the bat. You block the bat's attack.
You hit the bat.
You kill the bat!
You have reached level 2!
Your demonic ancestry asserts itself...
Your magic begins to regenerate rapidly.
Are you sure you want to abandon this character and quit the game? (Confirm with "yes".)

#. ..~~≈≈ #.# #.~~≈≈≈ #.#
..~~≈≈≈ #.# .~~~≈≈≈
######## #.##.~~≈≈≈≈
#......####.#..~~≈≈≈≈
#####...##..#.~~≈≈≈≈≈
#...#.....~~≈≈≈≈≈
##...##..#@~~≈≈≈≈≈
#...####...~~≈≈≈≈≈≈~...~~≈≈
##...# #..~~≈≈≈≈≈≈~~..~~≈≈≈
##...##
#...~≈≈≈≈≈≈~~..~~≈≈≈
##...##
#..~~≈≈≈≈≈~~...~~~≈~ #...##
#..~~≈≈≈≈≈~~....~~~~ ##...#
#..~~≈≈≈≈~≈~......~# #...##
###...~≈≈~≈~~........#
#...#
#.>...~~~~.~.........'


There were no monsters in sight!

Vanquished Creatures
  A ball python (D:1)
  An endoplasm (D:1)
  A giant cockroach (D:1)
  A hobgoblin (D:1)
  A quokka (D:1)
  A bat (D:1)
  A rat (D:1)
7 creatures vanquished.

Notes
Turn   | Place    | Note
-------+----------+-------------------------------------------
     0 | D:1      | LustLizard the Demonspawn Fighter began the quest for the
                  | Orb.
     0 | D:1      | Reached XP level 1. HP: 18/18 MP: 1/1
   485 | D:1      | Gained mutation: You regenerate magic rapidly. [demonic
                  | ancestry]
   485 | D:1      | Reached XP level 2. HP: 24/24 MP: 2/2
   485 | D:1      | Quit the game

Illustrated notes

Levels and vault maps discovered:
D:1:      minmay_arrival_shoal_huts, layout_rooms, serial_curves,
          eino_curves_04, eino_curves_04, eino_curves_02,
          ebering_ecumenical_altar_sacrificial

Skill      XL: |  1 |
---------------+----+-----
Long Blades    | 2 |  2.1
Fighting       | |  3.1
Armour         | |  2.6
Dodging        | |  0.4
Shields        | |  2.6

Action                   || total
-------------------------++-------
Melee: Long sword        ||    27
Armor: Scale mail        ||    11
Dodge: Dodged            ||    11
Block: Buckler           ||     7
